 Dungeon Crawl Stone Soup version 0.28-a0-313-gbc0475efdd (webtiles) character file.

Game seed: 9601087946440224522

88 jdzakarian the Chopper (level 4, -4/40 HPs)
             Began as a Hill Orc Fighter on Sept 1, 2021.
             Was an Initiate of Ashenzari.
             Slain by Grinder (6 damage)
             ... while paralysed by Grinder
             ... on level 3 of the Dungeon.
             The game lasted 00:11:54 (2502 turns).

jdzakarian the Chopper (Hill Orc Fighter)           Turns: 2502, Time: 00:11:54

Health: -4/40      AC:  9    Str: 18    XL:     4   Next: 54%
Magic:  4/4        EV:  2    Int:  8    God:    Ashenzari [......]
Gold:   112        SH:  0    Dex: 11    Spells: 3/3 levels left

rFire   . . .      SeeInvis .   a - +0 war axe
rCold   . . .      Faith    .   c - +0 kite shield
rNeg    . . .      Spirit   .   e - +0 chain mail
rPois   .          Reflect  .   (no helmet)
rElec   .          Harm     .   (no cloak)
rCorr   .          Rampage  .   (no gloves)
Will    .....                   (no boots)
Stlth   ..........              (no amulet)
HPRegen 0.13/turn               h - +4 ring of slaying
MPRegen 0.09/turn               (no ring)

@: paralysed, mighty
A: no striking features
a: Renounce Religion


You were on level 3 of the Dungeon.
You worshipped Ashenzari.
Ashenzari was noncommittal.
You visited 1 branch of the dungeon, and saw 3 of its levels.

You collected 112 gold pieces.

Inventory:

Hand Weapons
 a - a +0 war axe (weapon)
 j - a +2 vorpal hunting sling
Armour
 c - a +0 kite shield (worn)
 e - a +0 chain mail (worn)
Jewellery
 h - a +4 ring of slaying (left hand)
Scrolls
 b - 3 scrolls of teleportation
 k - a scroll of identify
Potions
 d - a potion of might
 f - a potion of lignification
 l - a potion of attraction


   Skills:
 + Level 4.0 Fighting
 + Level 4.2 Axes
 + Level 4.2 Armour
 + Level 0.1 Dodging
 + Level 3.9 Shields


You had 3 spell levels left.
You didn't know any spells.
Your spell library contained the following spells:

 Spells                   Type           Power      Damage    Failure   Level
 Pain                     Necr           0%         1d4       100%        1
 Corpse Rot               Necr/Air       N/A        N/A       100%        2
 Sublimation of Blood     Necr           0%         N/A       100%        2
 Summon Guardian Golem    Hex/Summ       0%         N/A       100%        3
 Vampiric Draining        Necr           0%         2d6       100%        3
 Orb of Destruction       Conj           0%         N/A       100%        7
 Spellforged Servitor     Conj/Summ      0%         N/A       100%        7


Dungeon Overview and Level Annotations

Branches:
Dungeon (3/15)

Altars:
Ashenzari
Kikubaaqudgha

Shops:
D:2 [   D:3 (

Annotations:
D:3 Grinder


Message History

Grinder gestures at you. You resist with significant effort.
You hit Grinder.
Grinder is heavily wounded.
Grinder gestures at you.
You suddenly lose the ability to move!
Grinder hits you!
Grinder says, "Just stop there for a second..."
Grinder hits you. Grinder hits you but does no damage. Grinder hits you.
* * * LOW HITPOINT WARNING * * *
You writhe in agony.
* * * LOW HITPOINT WARNING * * *
Grinder gestures at you.
You shrug off the repeated paralysis!
Grinder hits you but does no damage.
You can move again.
You feel better. Grinder hits you but does no damage.
You feel much better. Grinder hits you.
You writhe in agony.
You feel very mighty all of a sudden. Grinder hits you.
You writhe in agony.
You completely miss Grinder.
Grinder is heavily wounded.
You block Grinder's attack. Grinder gestures at you.
Pain shoots through your body!
You barely miss Grinder.
Grinder is heavily wounded.
Grinder gestures at you.
You suddenly lose the ability to move!
Grinder hits you!
* * * LOW HITPOINT WARNING * * *
Grinder hits you but does no damage. Grinder hits you.
* * * LOW HITPOINT WARNING * * *
You writhe in agony.
* * * LOW HITPOINT WARNING * * *
Grinder says, "You look like you could use a good racking."
Grinder hits you.
You die...

#. ..................
####. #............#....
......#..#..####........
##....#..#..####.†.#....
.........#..##)#...#....
.#....#..#..##.#...#....
.........)>.............
............##.#........
.......@.##.##.##.......
......5.<...............
...............####.###.
......#.###.##.# #.###.
......... ..##.# ##.....
.#.............###......
......... ............
........## ######......
##..###.


You could see Grinder.

Vanquished Creatures
  A hound (D:3)
  2 worms (D:2)
  A dart slug (D:1)
  3 endoplasms
  3 goblins
  6 hobgoblins
  8 jackals
  A quokka (D:1)
  8 ball pythons
  3 bats
  4 frilled lizards
  5 kobolds
  A rat (D:1)
  6 bushes (D:1)
52 creatures vanquished.

Notes
Turn   | Place    | Note
-------+----------+-------------------------------------------
     0 | D:1      | jdzakarian the Hill Orc Fighter began the quest for the
                  | Orb.
     0 | D:1      | Reached XP level 1. HP: 19/19 MP: 1/1
   161 | D:1      | Reached XP level 2. HP: 13/27 MP: 2/2
  1289 | D:2      | Reached XP level 3. HP: 26/33 MP: 3/3
  1745 | D:2      | Found a faded altar of an unknown god.
  1775 | D:2      | Became a worshipper of Kikubaaqudgha
  1775 | D:2      | Reached * piety under Kikubaaqudgha
  1775 | D:2      | Received a gift from Kikubaaqudgha
  1862 | D:2      | Found Iwuewueh's Armour Shop.
  2014 | D:2      | Found a broken altar of Ashenzari.
  2021 | D:2      | Fell from the grace of Kikubaaqudgha
  2021 | D:2      | Became a worshipper of Ashenzari the Shackled
  2253 | D:3      | Found Kongaj's Weapon Boutique.
  2283 | D:3      | Reached XP level 4. HP: 31/40 MP: 4/4
  2480 | D:3      | Noticed Grinder
  2481 | D:3      | Paralysed by Grinder for 6 turns
  2488 | D:3      | Paralysed by Grinder for 7 turns
  2499 | D:3      | Paralysed by Grinder for 4 turns
  2501 | D:3      | HP: 2/40 [Grinder (1)]
  2502 | D:3      | Slain by Grinder

Illustrated notes

Levels and vault maps discovered:
D:1:      elethiomel_arrival_quiet, layout_loops_ring, serial_park_tiny_2
D:2:      layout_loops_cross, basic_altar, chequers_ecumenical_altar_island,
          serial_shops, nicolae_lakefront_shop
D:3:      layout_basic, serial_shops, nicolae_shop_behind_doors, uniq_terence,
          uniq_grinder

Skill      XL: |  1  2  3  4 |
---------------+-------------+-----
Axes           | 3 4 |  4.2
Armour         | 4 |  4.2
Fighting       | 4 |  4.0
Dodging        | |  0.1
Shields        | |  3.9

Action                   |  1- 3 |  4- 6 || total
-------------------------+-------+-------++-------
Melee: War axe           |   345 |    22 ||   367
  Use: Potion            |     5 |     3 ||     8
       Scroll            |     4 |       ||     4
Armor: Chain mail        |    68 |    29 ||    97
       Scale mail        |     2 |       ||     2
Dodge: Dodged            |    25 |     8 ||    33
Block: Kite shield       |    58 |    26 ||    84

Table legend: (Time is in decaauts)
 A = Elapsed time spent in this place.
 B = Non-inter-level travel time spent in this place.
 C = Inter-level travel time spent in this place.
 D = Time resting spent in this place.
 E = Time spent auto-exploring this place.
 F = Levels seen in this place.
 G = Mean time per level.
                   A        B        C        D        E       F      G
               +--------+--------+--------+--------+--------+-----+--------+
         Total |   2721 |   2721 |      0 |      0 |   1553 |   3 |  907.0 |
       Dungeon |   2721 |   2721 |      0 |      0 |   1553 |   3 |  907.0 |
               +--------+--------+--------+--------+--------+-----+--------+

Top non-repeatable levels by time:
     D:1: 1410 daAuts
     D:2: 961 daAuts
     D:3: 349 daAuts
